| TOP OF THE 1ST |
|
Columbia Fireflies batting - Pitching for Tennessee Smokies : RHP Roberto Cruz
|
|
Pitching: RHP Roberto Cruz
|
|
|
Batting: LHB Jamel Alexander
|
0-0: Ball 1-0: Ball 2-0: Called Strike 2-1: Swinging Strike 2-2: SINGLE (Groundball, 56D, EV 96.2 MPH)
|
|
Batting: LHB Dan Bremseth
|
0-0: Called Strike 0-1: Swinging Strike 0-2: Ball 1-2: Fielders Choice at 2nd, 6-4 (Groundball, 6S, EV 89.4 MPH)
|
|
Batting: LHB Bayesa Mundhir
|
0-0: Called Strike 0-1: Ball 1-1: Ball Dan Bremseth is caught stealing 2nd base 2-6 2-1: Fly out, F8 (Flyball, 8LM, EV 95.0 MPH)
|
| Top of the 1st over - 0 runs, 1 hit, 0 errors, 0 left on base; Columbia 0 - Tennessee 0 |
| BOTTOM OF THE 1ST |
|
Tennessee Smokies batting - Pitching for Columbia Fireflies : RHP Mike Mojica
|
|
Pitching: RHP Mike Mojica
|
|
|
Batting: LHB Nate Greening
|
0-0: Called Strike 0-1: Swinging Strike 0-2: Ball 1-2: Ball 2-2: Foul Ball, location: 2F 2-2: Ball 3-2: Foul Ball, location: 2F 3-2: DOUBLE (Line Drive, 78XD, EV 103.8 MPH)
|
|
Batting: RHB Du Kim
|
0-0: SINGLE (Groundball, 56, EV 101.2 MPH) Nate Greening to third Runner from 3rd tries for Home, SAFE, throw by LF to home Du Kim to second
|
|
Batting: RHB Ricky Ramirez
|
0-0: Ball 1-0: Ground out 4-3 (Groundball, 4, EV 77.5 MPH) Du Kim to third
|
|
Batting: RHB Juan Bonilla
|
0-0: Ball 1-0: Swinging Strike 1-1: SINGLE (Groundball, 4MD, EV 96.9 MPH) Du Kim scores
|
|
Batting: RHB Armando Vilano
|
0-0: Fielders Choice at 2nd, 3-6 (Groundball, 34, EV 79.4 MPH)
|
|
Batting: RHB Taylor Garofalo
|
0-0: Called Strike Armando Vilano steals 2nd base 0-1: Ground out 3-1 (Groundball, 34S, EV 93.8 MPH)
|
| Bottom of the 1st over - 2 runs, 3 hits, 0 errors, 1 left on base; Columbia 0 - Tennessee 2 |
| TOP OF THE 2ND |
|
Columbia Fireflies batting - Pitching for Tennessee Smokies : RHP Roberto Cruz
|
|
Batting: LHB Tony Leyba
|
0-0: Ball 1-0: Foul Ball, location: 2F 1-1: Swinging Strike 1-2: Ball 2-2: SOLO HOME RUN (Flyball, 9D, EV 98.8 MPH), Distance : 384 ft
|
|
Batting: SHB Jerry Burrows
|
0-0: Fly out, F7 (Flyball, 7D, EV 102.5 MPH)
|
|
Batting: RHB Larry Shoop
|
0-0: Called Strike 0-1: Called Strike 0-2: Ball 1-2: Fly out, F7 (Line Drive, 7, EV 90.6 MPH)
|
|
Pitching: RHP Anastagio Fasola
|
|
|
Batting: LHB Zane Kelton
|
0-0: Ball 1-0: Swinging Strike 1-1: Ball 2-1: Called Strike 2-2: Ground out 4-3 (Groundball, 4, EV 80.0 MPH)
|
| Top of the 2nd over - 1 run, 1 hit, 0 errors, 0 left on base; Columbia 1 - Tennessee 2 |
| BOTTOM OF THE 2ND |
|
Tennessee Smokies batting - Pitching for Columbia Fireflies : RHP Mike Mojica
|
|
Batting: RHB Roy Battist
|
0-0: Called Strike 0-1: Foul Ball, location: 2F 0-2: Foul Ball, location: 2F 0-2: TRIPLE (Flyball, 8LXD, EV 88.8 MPH)
|
|
Batting: RHB Dylan Burke
|
0-0: Ground out 6-3 (Groundball, 6, EV 86.2 MPH) Roy Battist scores
|
|
Batting: RHB Denis Rachin
|
0-0: Ground out 5-3 (Groundball, 56, EV 107.5 MPH)
|
|
Batting: LHB Nate Greening
|
0-0: Swinging Strike 0-1: Called Strike 0-2: Strikes out swinging
|
| Bottom of the 2nd over - 1 run, 1 hit, 0 errors, 0 left on base; Columbia 1 - Tennessee 3 |
| TOP OF THE 3RD |
|
Columbia Fireflies batting - Pitching for Tennessee Smokies : RHP Anastagio Fasola
|
|
Batting: RHB Gary Hills
|
0-0: Ball 1-0: Swinging Strike 1-1: Called Strike 1-2: Ground out 6-3 (Groundball, 6, EV 90.0 MPH)
|
|
Batting: RHB David Reyna
|
0-0: Ball 1-0: Ball 2-0: Foul Ball, location: 2F 2-1: SINGLE (Groundball, 56D, EV 101.9 MPH)
|
|
Batting: LHB Jamel Alexander
|
0-0: 2-RUN HOME RUN (Flyball, 89XD, EV 100.6 MPH), Distance : 402 ft
|
|
Batting: LHB Dan Bremseth
|
0-0: Called Strike 0-1: Ball 1-1: Swinging Strike 1-2: Strikes out looking
|
|
Pitching: RHP Jose Ramirez
|
|
|
Batting: LHB Bayesa Mundhir
|
0-0: Foul Ball, location: 2F 0-1: Swinging Strike 0-2: Ball 1-2: Foul Ball, location: 2F 1-2: Ground out 4-3 (Groundball, 4M, EV 86.9 MPH)
|
| Top of the 3rd over - 2 runs, 2 hits, 0 errors, 0 left on base; Columbia 3 - Tennessee 3 |
| BOTTOM OF THE 3RD |
|
Tennessee Smokies batting - Pitching for Columbia Fireflies : RHP Mike Mojica
|
|
Batting: RHB Du Kim
|
0-0: Called Strike 0-1: Ball 1-1: Foul Ball, location: 2F 1-2: Ball 2-2: Foul Ball, location: 2F 2-2: Foul Ball, location: 2F 2-2: Foul Ball, location: 2F 2-2: SINGLE (Groundball, 6M, EV 100.6 MPH) (infield hit)
|
|
Batting: RHB Ricky Ramirez
|
0-0: Ball 1-0: Called Strike Du Kim steals 2nd base 1-1: Called Strike 1-2: Foul Ball, location: 2F 1-2: Ball 2-2: DOUBLE (Line Drive, 7LS, EV 100.0 MPH) Du Kim scores
|
|
Batting: RHB Juan Bonilla
|
0-0: Ball 1-0: Ball 2-0: Ball 3-0: Base on Balls
|
|
Batting: RHB Armando Vilano
|
0-0: Ball 1-0: Foul Ball, location: 2F 1-1: Grounds into double play, 6-4-3 (Groundball, 6, EV 98.8 MPH) Ricky Ramirez to third
|
|
Batting: RHB Taylor Garofalo
|
0-0: Ball 1-0: Foul Ball, location: 2F 1-1: Ball 2-1: Called Strike 2-2: Strikes out swinging
|
| Bottom of the 3rd over - 1 run, 2 hits, 0 errors, 1 left on base; Columbia 3 - Tennessee 4 |
| TOP OF THE 4TH |
|
Columbia Fireflies batting - Pitching for Tennessee Smokies : RHP Jose Ramirez
|
|
Batting: LHB Tony Leyba
|
0-0: Ball 1-0: Ball 2-0: Ball 3-0: Called Strike 3-1: Fly out, F8 (Flyball, 8RS, EV 90.6 MPH)
|
|
Batting: SHB Jerry Burrows
|
0-0: Called Strike 0-1: DOUBLE (Line Drive, 78XD, EV 112.5 MPH)
|
|
Batting: RHB Larry Shoop
|
0-0: Ball 1-0: Fly out, F7 (Flyball, 7LDF, EV 107.5 MPH)
|
|
Batting: LHB Zane Kelton
|
0-0: Ball 1-0: DOUBLE (Line Drive, 8RXD, EV 106.9 MPH) Jerry Burrows scores
|
|
Batting: RHB Gary Hills
|
0-0: Swinging Strike 0-1: Ball 1-1: Ball 2-1: Ball 3-1: Base on Balls
|
|
Pitching: LHP Ricardo Saucedo
|
|
|
Batting: RHB David Reyna
|
0-0: Ball 1-0: Ball 2-0: Fielders Choice at 2nd, 6-4 (Groundball, 6, EV 94.4 MPH)
|
| Top of the 4th over - 1 run, 2 hits, 0 errors, 2 left on base; Columbia 4 - Tennessee 4 |
| BOTTOM OF THE 4TH |
|
Tennessee Smokies batting - Pitching for Columbia Fireflies : RHP Mike Mojica
|
|
Batting: RHB Roy Battist
|
0-0: Called Strike 0-1: Ground out 4-3 (Groundball, 4, EV 81.2 MPH)
|
|
Batting: RHB Dylan Burke
|
0-0: Called Strike 0-1: Foul Ball, location: 2F 0-2: Ball 1-2: Foul Ball, location: 2F 1-2: Ball 2-2: Ball 3-2: Ground out 6-3 (Groundball, 6, EV 100.6 MPH)
|
|
Batting: RHB Denis Rachin
|
0-0: Ball 1-0: Swinging Strike 1-1: Ball 2-1: Ground out 4-3 (Groundball, 4, EV 86.2 MPH)
|
| Bottom of the 4th over - 0 runs, 0 hits, 0 errors, 0 left on base; Columbia 4 - Tennessee 4 |
| TOP OF THE 5TH |
|
Columbia Fireflies batting - Pitching for Tennessee Smokies : LHP Ricardo Saucedo
|
|
Batting: LHB Jamel Alexander
|
0-0: Called Strike 0-1: Foul Ball, location: 2F 0-2: Strikes out swinging
|
|
Batting: LHB Dan Bremseth
|
0-0: Ball 1-0: Called Strike 1-1: SINGLE (Line Drive, 8RS, EV 91.9 MPH)
|
|
Batting: LHB Bayesa Mundhir
|
0-0: Called Strike 0-1: Fly out, F8 (Flyball, 89S, EV 82.5 MPH)
|
|
Batting: LHB Tony Leyba
|
0-0: Called Strike Dan Bremseth is caught stealing 2nd base 2-6
|
| Top of the 5th over - 0 runs, 1 hit, 0 errors, 0 left on base; Columbia 4 - Tennessee 4 |
| BOTTOM OF THE 5TH |
|
Tennessee Smokies batting - Pitching for Columbia Fireflies : RHP Mike Mojica
|
|
Batting: LHB Nate Greening
|
0-0: Called Strike 0-1: Fly out, F8 (Flyball, 8LS, EV 95.6 MPH)
|
|
Batting: RHB Du Kim
|
0-0: Called Strike 0-1: Ball 1-1: Ball 2-1: Ball 3-1: Base on Balls
|
|
Batting: RHB Ricky Ramirez
|
Pickoff Play to 1st, Runner tries for 2nd, OUT after rundown. 0-0: Foul Ball, location: 2F 0-1: Ball 1-1: Ball 2-1: Fly out, F9 (Flyball, 9LS, EV 88.1 MPH)
|
| Bottom of the 5th over - 0 runs, 0 hits, 0 errors, 0 left on base; Columbia 4 - Tennessee 4 |
| TOP OF THE 6TH |
|
Columbia Fireflies batting - Pitching for Tennessee Smokies : LHP Ricardo Saucedo
|
|
Batting: LHB Tony Leyba
|
0-0: Ground out 3-1 (Groundball, 34S, EV 90.0 MPH)
|
|
Batting: SHB Jerry Burrows
|
0-0: Called Strike 0-1: Called Strike 0-2: Ball 1-2: Strikes out swinging
|
|
Batting: RHB Larry Shoop
|
0-0: Called Strike 0-1: Ball 1-1: Foul Ball, location: 2F 1-2: SINGLE (Groundball, 56S, EV 74.4 MPH) (infield hit)
|
|
Pitching: RHP Bogdan Sdobnyakov
|
|
|
Batting: LHB Zane Kelton
|
0-0: Called Strike 0-1: Fly out, F7 (Flyball, 78S, EV 99.4 MPH)
|
| Top of the 6th over - 0 runs, 1 hit, 0 errors, 1 left on base; Columbia 4 - Tennessee 4 |
| BOTTOM OF THE 6TH |
|
Tennessee Smokies batting - Pitching for Columbia Fireflies : RHP Mike Mojica
|
|
Batting: RHB Juan Bonilla
|
0-0: Ball 1-0: Called Strike 1-1: Foul Ball, location: 2F 1-2: Hit by Pitch
|
|
Batting: RHB Armando Vilano
|
0-0: Grounds into double play, 1-6-3 (Groundball, 13S, EV 69.4 MPH)
|
|
Batting: RHB Taylor Garofalo
|
0-0: Ground out U3 (Groundball, 34S, EV 86.9 MPH)
|
| Bottom of the 6th over - 0 runs, 0 hits, 0 errors, 0 left on base; Columbia 4 - Tennessee 4 |
| TOP OF THE 7TH |
|
Columbia Fireflies batting - Pitching for Tennessee Smokies : RHP Bogdan Sdobnyakov
|
|
Batting: RHB Gary Hills
|
0-0: Ball 1-0: Foul Ball, location: 2F 1-1: Foul Ball, location: 2F 1-2: Strikes out swinging
|
|
Batting: RHB David Reyna
|
0-0: Called Strike 0-1: Foul Ball, location: 2F 0-2: Ball 1-2: Ball 2-2: Ball 3-2: Reached on error, E5 (Groundball, 5S, EV 71.9 MPH)
|
|
Batting: LHB Jamel Alexander
|
0-0: Ground out 4-3 (Groundball, 4MD, EV 86.9 MPH) David Reyna to third
|
|
Batting: LHB Dan Bremseth
|
0-0: 2-RUN HOME RUN (Flyball, 9D, EV 104.4 MPH), Distance : 384 ft
|
|
Batting: LHB Bayesa Mundhir
|
0-0: Called Strike 0-1: Ball 1-1: Swinging Strike 1-2: Foul Ball, location: 2F 1-2: Strikes out swinging
|
| Top of the 7th over - 2 runs, 1 hit, 1 error, 0 left on base; Columbia 6 - Tennessee 4 |
| BOTTOM OF THE 7TH |
|
Tennessee Smokies batting - Pitching for Columbia Fireflies : RHP Mike Mojica
|
|
Batting: RHB Roy Battist
|
0-0: Ball 1-0: Foul Ball, location: 2F 1-1: Ball 2-1: Ground out 5-3 (Groundball, 56, EV 92.5 MPH)
|
|
Batting: RHB Dylan Burke
|
0-0: Ball 1-0: Swinging Strike 1-1: Ball 2-1: Foul Ball, location: 2F 2-2: DOUBLE (Line Drive, 9LM, EV 106.2 MPH)
|
|
Batting: RHB Denis Rachin
|
0-0: Fly out, F8 (Flyball, 8LD, EV 88.8 MPH)
|
|
Batting: LHB Nate Greening
|
0-0: Fly out, F8 (Flyball, 8LD, EV 94.4 MPH)
|
| Bottom of the 7th over - 0 runs, 1 hit, 0 errors, 1 left on base; Columbia 6 - Tennessee 4 |
| TOP OF THE 8TH |
|
Columbia Fireflies batting - Pitching for Tennessee Smokies : RHP Bogdan Sdobnyakov
|
|
Pitching: RHP Velimir Sljivancanin
|
|
|
Batting: LHB Tony Leyba
|
0-0: Foul Ball, location: 2F 0-1: Ball 1-1: Ground out 4-3 (Groundball, 4, EV 78.8 MPH)
|
|
Batting: SHB Jerry Burrows
|
0-0: Ball 1-0: SINGLE (Groundball, 34D, EV 97.5 MPH)
|
|
Batting: RHB Larry Shoop
|
0-0: Called Strike 0-1: Swinging Strike 0-2: Ball 1-2: Ball 2-2: Strikes out swinging
|
|
Batting: LHB Zane Kelton
|
0-0: Ball 1-0: Called Strike 1-1: Called Strike 1-2: SINGLE (Groundball, 34S, EV 73.8 MPH) (infield hit) Jerry Burrows to second
|
|
Batting: RHB Gary Hills
|
0-0: Called Strike 0-1: Called Strike 0-2: Fielders Choice at 2nd, 6-4 (Groundball, 56D, EV 80.6 MPH)
|
| Top of the 8th over - 0 runs, 2 hits, 0 errors, 2 left on base; Columbia 6 - Tennessee 4 |
| BOTTOM OF THE 8TH |
|
Tennessee Smokies batting - Pitching for Columbia Fireflies : RHP Mike Mojica
|
|
Batting: RHB Du Kim
|
0-0: Reached on error, E5 (Groundball, 56S, EV 89.4 MPH)
|
|
Batting: RHB Ricky Ramirez
|
0-0: Ball 1-0: Ball 2-0: Ball 3-0: Called Strike 3-1: Called Strike 3-2: Base on Balls Du Kim to second
|
|
Pitching: RHP Matt Bennett
|
|
|
Batting: RHB Juan Bonilla
|
0-0: Called Strike 0-1: Foul Ball, location: 2F 0-2: Ball 1-2: Strikes out swinging
|
|
Batting: RHB Armando Vilano
|
0-0: DOUBLE (Flyball, 8LXD, EV 115.0 MPH) Du Kim scores Ricky Ramirez to third
|
|
Batting: RHB Taylor Garofalo
|
0-0: Ball 1-0: Ball 2-0: Foul Ball, location: 2F 2-1: Swinging Strike 2-2: Strikes out looking
|
|
Batting: RHB Roy Battist
|
0-0: Called Strike 0-1: Ball 1-1: Ball 2-1: Swinging Strike 2-2: Ground out 6-3 (Groundball, 6, EV 77.5 MPH)
|
| Bottom of the 8th over - 1 run, 1 hit, 1 error, 2 left on base; Columbia 6 - Tennessee 5 |
| TOP OF THE 9TH |
|
Columbia Fireflies batting - Pitching for Tennessee Smokies : RHP Velimir Sljivancanin
|
|
Batting: RHB David Reyna
|
0-0: Ball 1-0: Called Strike 1-1: Swinging Strike 1-2: Ground out 4-3 (Groundball, P, EV 81.2 MPH)
|
|
Batting: LHB Jamel Alexander
|
0-0: SINGLE (Flyball, 8LS, EV 91.9 MPH)
|
|
Batting: LHB Dan Bremseth
|
Pickoff Throw to First - Out! 1-3 CS 0-0: Called Strike 0-1: Foul Ball, location: 2F 0-2: Ball 1-2: Foul Ball, location: 2F 1-2: Ball 2-2: Ball 3-2: Foul Ball, location: 2F 3-2: Base on Balls
|
|
Batting: LHB Bayesa Mundhir
|
0-0: Ball Dan Bremseth steals 2nd, throwing error, E2 Dan Bremseth to third 1-0: Swinging Strike 1-1: Swinging Strike 1-2: SINGLE (Flyball, 56D, EV 95.0 MPH) Dan Bremseth scores
|
|
Batting: LHB Tony Leyba
|
0-0: Ball 1-0: SINGLE (Groundball, 4MD, EV 95.0 MPH) Bayesa Mundhir to second
|
|
Batting: SHB Jerry Burrows
|
0-0: SINGLE (Groundball, 34S, EV 65.6 MPH) (infield hit) Bayesa Mundhir to third Tony Leyba to second
|
|
Batting: RHB Larry Shoop
|
0-0: Ground out U3 (Groundball, 13, EV 78.1 MPH)
|
| Top of the 9th over - 1 run, 4 hits, 1 error, 3 left on base; Columbia 7 - Tennessee 5 |
| BOTTOM OF THE 9TH |
|
Tennessee Smokies batting - Pitching for Columbia Fireflies : RHP Matt Bennett
|
|
Now at 1B: Masaya Nakamura
|
|
|
Batting: RHB Dylan Burke
|
0-0: Ball 1-0: Ball 2-0: Ball 3-0: Base on Balls
|
|
Pinch Hitting: LHB Emir Jalil
|
0-0: Ball 1-0: Fly out, F8 (Flyball, 8RM, EV 90.6 MPH)
|
|
Batting: LHB Nate Greening
|
0-0: Ball 1-0: DOUBLE (Line Drive, 9LM, EV 102.5 MPH) Dylan Burke to third
|
|
Batting: RHB Du Kim
|
0-0: Foul Ball, location: 2F 0-1: Foul Ball, location: 2F 0-2: Ball 1-2: Foul Ball, location: 2F 1-2: Strikes out swinging
|
|
Batting: RHB Ricky Ramirez
|
0-0: Ball 1-0: Ball 2-0: Swinging Strike 2-1: Called Strike 2-2: Ball 3-2: Foul Ball, location: 2F 3-2: Base on Balls
|
|
Batting: RHB Juan Bonilla
|
0-0: Called Strike 0-1: Ground out 4-3 (Groundball, 4, EV 104.4 MPH)
|
| Bottom of the 9th over - 0 runs, 1 hit, 0 errors, 3 left on base; Columbia 7 - Tennessee 5 |
|